 Dungeon Crawl Stone Soup version 0.21-a0-1-gaf3b9a5 (webtiles) character file.

1385 Gorglomux the Martial Artist (level 8, -3/63 HPs)
             Began as a Green Draconian Necromancer on May 20, 2017.
             Was an Initiate of Okawaru.
             Slain by an unseen horror (12 damage)
             ... on level 7 of the Dungeon.
             The game lasted 00:16:50 (8476 turns).

Gorglomux the Martial Artist (DrNe)                 Turns: 8476, Time: 00:16:50

Health: -3/63      AC:  6    Str: 12    XL:     8   Next: 40%
Magic:  10/11      EV: 13    Int: 16    God:    Okawaru [......]
Gold:   179        SH:  0    Dex: 12    Spells: 6/11 levels left

rFire    . . .     SeeInvis .     - Unarmed
rCold    . . .     Gourm    .   (no shield)
rNeg     . . .     Faith    .   (armour unavailable)
rPois    +         Spirit   .   (helmet restricted)
rElec    .         Reflect  .   (no cloak)
rCorr    .         Harm     .   (no gloves)
MR       .....                  (no boots)
Stlth    ++........             n - amulet of regeneration {+regen, !d}
Regen    0.6/turn               (no ring)
MPRegen  0.2/turn               (no ring)

@: short of breath
A: breathe noxious fumes, unfitting armour, poison resistance, cold-blooded, AC
+6
a: Breathe Noxious Fumes, Renounce Religion


You were on level 7 of the Dungeon.
You worshipped Okawaru.
Okawaru was noncommittal.
You were not hungry.

You visited 2 branches of the dungeon, and saw 8 of its levels.

You collected 179 gold pieces.

Inventory:

Hand Weapons
 b - a +0 shortbow
   (You took it off a centaur on level 6 of the Dungeon)
Missiles
 o - a throwing net {=f, !d}
 r - 7 curare-tipped needles
 y - 45 arrows
Jewellery
 n - an amulet of regeneration (around neck) {+regen, !d}
   (You found it on level 3 of the Dungeon)
Wands
 u - a wand of polymorph (14/24)
   (You found it on level 4 of the Dungeon)
 z - a wand of iceblast (8/15)
   (You found it on level 7 of the Dungeon)
 A - a wand of paralysis (14/24)
   (You found it on level 7 of the Dungeon)
Scrolls
 e - 4 scrolls of recharging
 g - 3 scrolls of teleportation
 i - 3 scrolls of remove curse
 k - a scroll of random uselessness {unknown}
 l - a scroll of enchant armour {unknown}
 s - a scroll of magic mapping {!r}
 t - a scroll of fear {unknown}
 v - a scroll of fog
 w - 3 scrolls of enchant weapon {unknown}
Potions
 c - 4 potions of curing
 d - a potion of magic
 h - 3 potions of mutation {!q}
 m - a potion of agility
 p - a potion of heal wounds
Books
 a - a book of Necromancy
Comestibles
 f - 4 fruits
 j - 2 meat rations {@e2}
 q - 4 bread rations {@e1}
 x - 2 chunks of flesh {@w0}


   Skills:
 + Level 3.2 Fighting
 + Level 2.6 Dodging
 - Level 1.7 Stealth
 * Level 8.4 Unarmed Combat
 - Level 2.0 Spellcasting
 - Level 2.1 Charms
 - Level 5.3 Necromancy


You had 6 spell levels left.
You knew the following spells:

 Your Spells              Type           Power        Failure   Level  Hunger
a - Pain                  Necr           ###.         2%          1    #......
r - Regeneration          Chrm/Necr      ##........   13%         3    ###....
A - Animate Skeleton      Necr           N/A          2%          1    #......


Dungeon Overview and Level Annotations

Branches:
Dungeon (7/15)             Temple (1/1) D:6

Altars:
Ashenzari
Cheibriados
Dithmenos
Fedhas
Gozag
Kikubaaqudgha
Makhleb
Nemelex Xobeh
Okawaru
Qazlal
Ru
Sif Muna
Trog
Uskayaw
Vehumet
Wu Jian
Zin
The Shining One

Shops:
D:4 ==*


Innate Abilities, Weirdness & Mutations

You can breathe blasts of noxious fumes.
Your lurid green scales are hard. (AC +6)
You cannot fit into any form of body armour.
Your system is resistant to poisons. (rPois)
You are cold-blooded and may be slowed by cold attacks.


Message History

The killer bee is engulfed in noxious fumes.
The killer bee appears confused.
The killer bee misses you.
The killer bee is engulfed in noxious fumes.
The killer bee appears confused.
You closely miss the killer bee. You tail-slap the killer bee.
The killer bee is engulfed in noxious fumes.
The killer bee appears confused.
The killer bee misses the quokka.
The killer bee is engulfed in noxious fumes.
The killer bee appears confused.
The killer bee is engulfed in noxious fumes.
The killer bee appears confused.
The killer bee barely misses your jackal skeleton.
You swap places.
The killer bee is engulfed in noxious fumes.
The killer bee appears confused.
The killer bee stings the killer bee but does no damage.
The killer bee is engulfed in noxious fumes.
The killer bee appears confused.
The killer bee barely misses you.
The killer bee is engulfed in noxious fumes.
The killer bee appears confused.
You kill the killer bee!
Okawaru accepts your kill.
The killer bee is engulfed in noxious fumes.
The killer bee appears confused.
The killer bee stings you.
You see here a killer bee corpse.
You hit the killer bee but do no damage.
Your skin is crawling a little less now.
The killer bee is engulfed in noxious fumes. x2
The killer bee appears confused.
You closely miss the killer bee.
The killer bee is engulfed in noxious fumes.
The killer bee appears confused.
The killer bee stings the quokka!
The quokka is killed!
Okawaru accepts your kill.
You closely miss the killer bee.
The killer bee closely misses something.
You barely miss the killer bee. The killer bee stings you.
You completely miss the killer bee.
The killer bee closely misses something.
You punch the killer bee!
You kill the killer bee!
Okawaru accepts your kill. Something hits you.
Deactivating autopickup; reactivate with Ctrl-A.
No target in view!
You hit something. Something hits you. Something barely misses you.
There is nothing here that can be animated!
There is nothing here that can be animated!
You hit something. You tail-slap something.
Something hits you but does no damage.
The killer bee stings itself but does no damage.
Something hits you but does no damage.
You hit something but do no damage.
Your skin stops crawling.
Something hits you but does no damage.
You completely miss something. Something hits you. Something barely misses you.
You hit something. You punch something. Something hits you!
Something completely misses you.
You see here a killer bee corpse.
Something hits you. Something hits you but does no damage.
Things that are here:
a quokka corpse; a killer bee corpse You attempt to give life to the dead...
Before your eyes, flesh is ripped from the corpse!
The dead are hopping!
Something hits you.
Things that are here:
a chunk of flesh {@w0}; a killer bee corpse You swap places.
Something hits your jackal skeleton.
You see here a killer bee corpse.
There is nothing here that can be animated!
You swap places.
Something hits your jackal skeleton. Something hits your quokka skeleton.
Your quokka skeleton bites something.
You see here a killer bee corpse.
There is nothing here that can be animated!
There is nothing here that can be animated!
Something hits your jackal skeleton!
Your jackal skeleton is destroyed!
Something hits your jackal skeleton!
Your jackal skeleton is destroyed!
Your quokka skeleton closely misses something.
Something hits you!
Your quokka skeleton closely misses something.
You swing at nothing.
You have got your breath back.
Something hits you.
You closely miss something. Something hits you!
Something completely misses you. Something hits you.
You hit something. Something hits you!
Your quokka skeleton bites something but does no damage.
Something hits your quokka skeleton.
Your quokka skeleton is destroyed!
You hit something but do no damage.
The killer bee seems less confused.
Something hits you.
* * * LOW HITPOINT WARNING * * *
Something hits you.
* * * LOW HITPOINT WARNING * * *
You exhale a blast of noxious fumes.
The blast of choking fumes hits something.
You feel somewhat more hungry. Something barely misses you. Something hits you!
You die...

##....## #...♣.#
########
#.....###..Z....
#.#....##.#####. # ####
#.##...##.##.... ##.#...
#.##....#.##.### ...(...
#.###.>.#.##.#
.......####.# #...#.##.#
....§§§§{@..#######....#
.....y####...#..Z...####
..... ##....##...# ....
#.##.##...# ..#
#.##.##...# #
###.#..##...#
#...........######
##......##...#.....
##..#.#####...#.....


You could see a killer bee.

Vanquished Creatures
  An orc warrior (D:5)
  A sky beast (D:5)
  2 phantoms
  2 ogres
  2 centaurs (D:6)
  The ghost of Turgon the Sneak, an amateur OpWn (D:4)
  A bullfrog (D:6)
  3 killer bees (D:7)
  A crimson imp (D:6)
  2 orc priests
  A gnoll shaman (D:4)
  An orc wizard (D:6)
  An iguana (D:5)
  A worker ant zombie (D:7)
  5 gnolls (D:4)
  4 adders
  3 oozes
  A worm (D:3)
  2 leopard geckos
  30 orcs
  A ball python (D:1)
  6 giant cockroaches
  10 goblins
  7 hobgoblins
  13 jackals
  7 kobolds
  3 quokkas
  6 bats
  5 frilled lizards
  2 leopard gecko skeletons
  9 rats
134 creatures vanquished.

Vanquished Creatures (collateral kills)
  A crimson imp (D:5)
  A hound zombie (D:5)
  A goblin (D:1)
  A jackal (D:2)
4 creatures vanquished.

Grand Total: 138 creatures vanquished

Notes
Turn   | Place    | Note
-------+----------+-------------------------------------------
     0 | D:1      | Gorglomux the Draconian Necromancer began the quest for the Orb.
     0 | D:1      | Reached XP level 1. HP: 14/14 MP: 3/3
   115 | D:1      | Learned a level 1 spell: Animate Skeleton
   181 | D:1      | Reached skill level 1 in Fighting
   181 | D:1      | Reached skill level 1 in Unarmed Combat
   286 | D:1      | Reached XP level 2. HP: 22/23 MP: 1/5
  1203 | D:2      | Reached skill level 2 in Unarmed Combat
  1274 | D:2      | Found a shadowy altar of Dithmenos.
  1370 | D:2      | Reached XP level 3. HP: 22/28 MP: 2/6
  1497 | D:2      | Found a radiant altar of Vehumet.
  1822 | D:2      | Reached skill level 2 in Fighting
  1931 | D:2      | Learned a level 3 spell: Regeneration
  2493 | D:3      | Reached skill level 3 in Unarmed Combat
  2493 | D:3      | Reached XP level 4. HP: 34/36 MP: 3/7
  2546 | D:3      | Noticed a phantom
  2575 | D:3      | HP: 8/36 [phantom (5)]
  3045 | D:3      | Found a deep blue altar of Sif Muna.
  3151 | D:3      | Reached skill level 1 in Charms
  3289 | D:3      | HP: 8/36 [phantom (3)]
  3641 | D:3      | Found an ancient bone altar of Kikubaaqudgha.
  3654 | D:3      | Reached XP level 5. HP: 20/41 MP: 0/8
  4103 | D:3      | HP: 10/41 [phantom (6)]
  4243 | D:3      | Killed a phantom
  4243 | D:3      | Reached skill level 4 in Unarmed Combat
  4543 | D:4      | Noticed Turgon's ghost (amateur OpWn)
  4555 | D:4      | Killed Turgon's ghost
  4555 | D:4      | Reached skill level 5 in Unarmed Combat
  4555 | D:4      | Reached skill level 2 in Charms
  4555 | D:4      | Reached XP level 6. HP: 40/48 MP: 7/9
  4569 | D:4      | Found Didoileaq's Jewellery Boutique.
  4584 | D:4      | Found Bamehin's Jewellery Shoppe.
  4749 | D:4      | Found Emmihyew's Assorted Antiques.
  5352 | D:4      | Found a sparkling altar of Nemelex Xobeh.
  5358 | D:4      | Found a sacrificial altar of Ru.
  5645 | D:5      | Entered Level 5 of the Dungeon
  5740 | D:5      | Noticed a hand axe
  5741 | D:5      | Noticed a dagger
  5812 | D:5      | Found a hide-covered altar of Uskayaw.
  5856 | D:5      | Noticed a sky beast
  5879 | D:5      | Killed a sky beast
  5879 | D:5      | Reached skill level 6 in Unarmed Combat
  5879 | D:5      | Your scales start taking on a lurid green colour.
  5879 | D:5      | Reached XP level 7. HP: 23/55 MP: 4/10
  5879 | D:5      | Gained mutation: Your system is resistant to poisons. (rPois) [Green Draconian growth]
  6322 | D:5      | Found an opulent altar of Gozag.
  6958 | D:5      | Reached skill level 7 in Unarmed Combat
  7065 | D:6      | Reached skill level 5 in Necromancy
  7443 | D:6      | Reached XP level 8. HP: 38/61 MP: 1/11
  7476 | D:6      | Found a staircase to the Ecumenical Temple.
  7499 | Temple   | Entered the Ecumenical Temple
  7644 | Temple   | Became a worshipper of Warmaster Okawaru
  7870 | D:6      | Reached skill level 2 in Dodging
  7932 | D:6      | Reached skill level 8 in Unarmed Combat
  8450 | D:7      | Reached skill level 3 in Fighting
  8475 | D:7      | HP: 14/63 [something (5)]
  8476 | D:7      | Slain by an unseen horror

Vault maps used:
D:1:      mushboom_english_gardens
D:2:      nicolae_dithmenos_shadow_blocks, nicolae_overflow_crystal_walls,
          st_stairs_14
D:3:      lemuel_crystal_altar, old_standard_altar, first_bread
D:4:      amethyst_overflow_temple_binary, serial_shops,
          nicolae_shop_waterfront, nicolae_shop_overgrown_old_shop, shop
D:5:      dancing_weapons_uskayaw, grunt_gozag_statues, serial_co_window_serial,
          co_window_corner_a, co_window_paths_a, co_window_paths_a,
          co_window_corner_a, co_window_paths_a, co_window_corner_a,
          co_window_corner_a, co_window_2corner, co_window_corner_b,
          co_window_corner_b, co_window_unsneaky_path_d, glass_columns_c,
          glass_columns_a
D:6:      minmay_temple_entry_statues_fountains
D:7:      marbit_many_paths, grunt_ministairs_12, minmay_misc_feat_hallway
Temple:   nicolae_temple_figure_eight

Skill      XL: |  1  2  3  4  5  6  7  8 |
---------------+-------------------------+-----
Fighting       | 1 2 3 |  3.2
Unarmed Combat | 1 2 3 5 6 7 8 |  8.4
Charms         | 1 2 |  2.1
Necromancy     | 5 |  5.3
Dodging        | 2 |  2.6
Stealth        | |  1.7
Spellcasting   | |  2.0

Action                   |  1- 3 |  4- 6 |  7- 9 || total
-------------------------+-------+-------+-------++-------
Melee: Unarmed           |    46 |   206 |   177 ||   429
       Tailslap          |     4 |    14 |    13 ||    31
       Punch             |       |     1 |     3 ||     4
 Fire: Shortbow          |       |       |    14 ||    14
 Cast: Pain              |    78 |   105 |    27 ||   210
       Animate Skeleton  |    18 |    17 |    10 ||    45
       Regeneration      |     1 |     8 |    13 ||    22
 Abil: Breathe Noxious F |       |       |     6 ||     6
  Use: Scroll            |       |     7 |     4 ||    11
 Stab: Confused          |       |       |     4 ||     4
       Sleeping          |       |       |     1 ||     1
  Eat: Chunk             |     7 |    15 |     7 ||    29
       Meat ration       |       |       |     1 ||     1
Armor: Skin              |    23 |    57 |    36 ||   116
Dodge: Dodged            |    39 |   113 |   104 ||   256

Vault maps used:
D:1:      mushboom_english_gardens
D:2:      nicolae_dithmenos_shadow_blocks, nicolae_overflow_crystal_walls,
          st_stairs_14
D:3:      lemuel_crystal_altar, old_standard_altar, first_bread
D:4:      amethyst_overflow_temple_binary, serial_shops,
          nicolae_shop_waterfront, nicolae_shop_overgrown_old_shop, shop
D:5:      dancing_weapons_uskayaw, grunt_gozag_statues, serial_co_window_serial,
          co_window_corner_a, co_window_paths_a, co_window_paths_a,
          co_window_corner_a, co_window_paths_a, co_window_corner_a,
          co_window_corner_a, co_window_2corner, co_window_corner_b,
          co_window_corner_b, co_window_unsneaky_path_d, glass_columns_c,
          glass_columns_a
D:6:      minmay_temple_entry_statues_fountains
D:7:      marbit_many_paths, grunt_ministairs_12, minmay_misc_feat_hallway
Temple:   nicolae_temple_figure_eight

Table legend:
 A = Turns spent in this place as a percentage of turns spent in the entire game.
 B = Non-inter-level travel turns spent in this place as a percentage of non-inter-level travel turns spent in the entire game.
 C = Inter-level travel turns spent in this place as a percentage of turns spent in this place.
 D = Turns resting spent in this place as a percentage of non-inter-level travel turns spent in this place.
 E = Turns spent auto-exploring this place as a percentage of non-inter-level travel turns spent in this place.
 F = Non-inter-level travel turns spent in this place divided by the number of levels of this place that you've seen.
                   A       B       C       D       E      F
               +-------+-------+-------+-------+-------+----------------------
         Total | 100.0 | 100.0 |   0.6 |   3.1 |   7.5 | 309.9
       Dungeon |  99.4 |  99.5 |   0.6 |   3.1 |   7.1 | 352.3
        Temple |   0.6 |   0.5 |  13.3 |   0.0 |  76.9 |  13.0
               +-------+-------+-------+-------+-------+----------------------

Table legend:
 A = Kills in this place as a percentage of kills in entire the game.
 B = Kills by you in this place as a percentage of kills by you in the entire game.
 C = Kills by friends in this place as a percentage of kills by friends in the entire game.
 D = Other kills in this place as a percentage of other kills in the entire game.
 E = Experience gained in this place as a percentage of experience gained in the entire game.
 F = Experience gained in this place divided by the number of levels of this place that you have seen.
                   A       B       C       D       E      F
               +-------+-------+-------+-------+-------+----------------------
         Total | 100.0 | 100.0 | 100.0 | 100.0 | 100.0 | 247.4
       Dungeon | 100.0 | 100.0 | 100.0 | 100.0 | 100.0 | 282.7
               +-------+-------+-------+-------+-------+----------------------
